 Dungeon Crawl Stone Soup version 0.24.0-1-gfbc8707122 (webtiles) character file.

Game seed: 1530568247893377809, levelgen mode: deterministic

25 Destructed3 the Magician (level 2, -5/19 HPs)
             Began as a Mummy Ice Elementalist on Oct 26, 2019.
             Was an Initiate of Cheibriados.
             Slain by Grinder (7 damage)
             ... on level 3 of the Dungeon.
             The game lasted 00:05:56 (2222 turns).

Destructed3 the Magician (Mummy Ice Elementalist)   Turns: 2222, Time: 00:05:57

Health: -5/19      AC:  3    Str: 12    XL:     2   Next: 86%
Magic:  4/7        EV: 11    Int: 15    God:    Cheibriados [......]
Gold:   56         SH:  0    Dex: 13    Spells: 6/9 levels left

rFire    x . .     SeeInvis .   e - +0 short sword
rCold    + . .     Gourm    .   (no shield)
rNeg     + + +     Faith    .   i - +0 leather armour
rPois    ∞         Spirit   .   (no helmet)
rElec    .         Reflect  .   (no cloak)
rCorr    .         Harm     .   (no gloves)
MR       .....                  (no boots)
Stlth    ++........             c - amulet of magic regeneration
HPRegen  0.06/turn              (no ring)
MPRegen  0.35/turn              (no ring)

@: very slow
A: no food or potions, fire vulnerability, cold resistance 1, negative energy
resistance 3, torment resistance, unbreathing
a: Bend Time, Renounce Religion


You were on level 3 of the Dungeon.
You worshipped Cheibriados.
Cheibriados was noncommittal.
You were not hungry.

You visited 1 branch of the dungeon, and saw 3 of its levels.

You collected 56 gold pieces.

Inventory:

Hand Weapons
 e - a +0 short sword (weapon)
 h - a +0 quarterstaff
Missiles
 f - 12 arrows
Armour
 a - a +0 robe
 b - a +0 pair of boots
 i - a +0 leather armour (worn)
Jewellery
 c - an amulet of magic regeneration (around neck)
 d - an uncursed amulet of guardian spirit {unknown}
Scrolls
 g - a scroll of identify
 j - a scroll of teleportation


   Skills:
 - Level 1.5 Dodging
 - Level 1.5 Stealth
 - Level 4.0 Spellcasting
 + Level 0.8 Conjurations
 + Level 2.6 Ice Magic


You had 6 spell levels left.
You knew the following spells:

 Your Spells              Type           Power        Failure   Level  Hunger
a - Freeze                Ice            ##..         8%          1    N/A
b - Throw Frost           Conj/Ice       #.....       17%         2    N/A

Your spell library contained the following spells:

 Spells                   Type           Power        Failure   Level  Hunger
 Ozocubu's Armour         Chrm/Ice       #.......     36%         3    N/A
 Throw Icicle             Conj/Ice       #.......     73%         4    N/A
 Summon Ice Beast         Ice/Summ       #.......     78%         4    N/A

Dungeon Overview and Level Annotations

Branches:
Dungeon (3/15)

Altars:
Cheibriados

Annotations:
D:3 Grinder


Innate Abilities, Weirdness & Mutations

You do not eat or drink.
Your flesh is vulnerable to fire.
You are immune to poison.
Your flesh is cold resistant. (rC+)
You are immune to negative energy. (rN+++)
You are immune to unholy pain and torment.
You can survive without breathing.


Message History

Grinder says, "FISH!"
Grinder hits you!
Casting: Freeze (safe; 8% risk of failure)
Confirm with . or Enter, or press ? or * to list all spells.
Aiming: Freeze (safe; 8% risk of failure)
Press: ? - help, Shift-Dir - straight line, f/p - Grinder
Aim: Grinder, carrying a wand of polymorph (5) (lightly wounded) Grinder resists.
You freeze Grinder.
Grinder is lightly wounded.
Grinder hits you.
* * * LOW HITPOINT WARNING * * *
Okay, then.
Unknown command.
Okay, then.
Unknown command.
You barely miss Grinder.
Grinder is lightly wounded.
Grinder blinks!
Grinder hits you!
You die...

#+# #.# #.####
##.... # ##...##.#
#....>#?#
####.###5.....#
.......@..$<..#
####.####..........
###########


You could see Grinder.

Vanquished Creatures
  2 worms (D:2)
  A leopard gecko (D:1)
  A giant cockroach (D:1)
  2 goblins
  5 hobgoblins
  3 bats
  A kobold (D:2)
  3 rats
18 creatures vanquished.

Notes
Turn   | Place    | Note
-------+----------+-------------------------------------------
     0 | D:1      | Destructed3 the Mummy Ice Elementalist began the quest for
                  | the Orb.
     0 | D:1      | Reached XP level 1. HP: 13/13 MP: 4/4
   259 | D:1      | Reached skill level 3 in Spellcasting
   672 | D:1      | Reached XP level 2. HP: 18/19 MP: 2/6
   676 | D:1      | Learned a level 2 spell: Throw Frost
  1659 | D:2      | Reached skill level 4 in Spellcasting
  1946 | D:2      | Found a snail-covered altar of Cheibriados.
  1970 | D:2      | Became a worshipper of Cheibriados the Contemplative
  2211 | D:3      | Noticed Grinder
  2222 | D:3      | Slain by Grinder

Levels and vault maps discovered:
D:1:      ebering_trefoil_3fold, layout_basic
D:2:      layout_loops_cross, nicolae_overflow_crystal_walls
D:3:      layout_loops_corners, gup_sewer_entry_glass, first_ration,
          uniq_grinder

Skill      XL: |  1  2 |
---------------+-------+-----
Spellcasting   | 3 4 |  4.0
Dodging        | |  1.5
Stealth        | |  1.5
Conjurations   | |  0.8
Ice Magic      | |  2.6

Action                   || total
-------------------------++-------
Melee: Unarmed           ||     1
       Short sword       ||    26
 Cast: Freeze            ||    39
       Throw Frost       ||    10
  Use: Scroll            ||     5
 Stab: Sleeping          ||     1
Armor: Robe              ||     6
       Leather armour    ||     1
Dodge: Dodged            ||    29
